 Dungeon Crawl Stone Soup version 0.30-a0-377-g5cb311bc9f (webtiles) character file.

Game seed: 11634142023884131362

539 Shayle the Trooper (level 7, -2/56 HPs)
             Began as a Demonspawn Reaver on Nov 28, 2022.
             Was an Initiate of Ashenzari.
             Slain by a centaur (3 damage)
             ... on level 5 of the Dungeon.
             The game lasted 00:12:48 (5505 turns).

Shayle the Trooper (Demonspawn Reaver)              Turns: 5505, Time: 00:12:49

Health: -2/56      AC:  6    Str: 12    XL:     7   Next: 5%
Magic:  10/10      EV: 11    Int: 17    God:    Ashenzari [......]
Gold:   294        SH:  0    Dex: 11    Spells: 9/10 levels left

rFire   . . .      SeeInvis +    G - +4 shortbow
rCold   . . .      Faith    .    (shield currently unavailable)
rNeg    . . .      Spirit   .    b - +0 leather armour
rPois   .          Reflect  .    j - +0 helmet
rElec   .          Harm     .    k - scarf {shadows}
rCorr   .          Rampage  .    h - +0 pair of gloves
Will    .....                    (no boots)
Stlth   ++........               t - amulet of magic regeneration
HPRegen 0.29/turn                g - ring of see invisible
MPRegen 0.64/turn                (no ring)

@: no status effects
A: rugged brown scales 1, ignite blood 1, magic regeneration, weakness stinger 1
a: Renounce Religion


You were on level 5 of the Dungeon.
You worshipped Ashenzari.
Ashenzari was noncommittal.
You visited 2 branches of the dungeon, and saw 6 of its levels.
You also visited: Ossuary.

You collected 294 gold pieces.

Inventory:

Hand Weapons
 a - a +0 hand axe
 m - a +2 vampiric dagger
 G - a +4 shortbow (weapon)
Armour
 b - a +0 leather armour (worn)
 h - a +0 pair of gloves (worn)
 j - a +0 helmet (worn)
 k - a scarf of shadows (worn)
Jewellery
 g - a ring of see invisible (left hand)
 i - a ring of fire
 t - an amulet of magic regeneration (around neck)
Scrolls
 c - a scroll of enchant armour {unknown}
 e - 4 scrolls of teleportation
 p - 2 scrolls of vulnerability
 r - a scroll of noise {unknown}
 s - 2 scrolls of immolation {unknown}
 v - 3 scrolls of torment
 x - 4 scrolls of fog
 y - 2 scrolls of magic mapping {unknown}
 C - a scroll of brand weapon
 D - 2 scrolls of blinking {unknown}
Potions
 d - 2 potions of brilliance {unknown}
 f - a potion of flight {unknown}
 l - 2 potions of curing
 n - 2 potions of cancellation {unknown}
 o - a potion of resistance {unknown}
 q - a potion of magic {unknown}
 u - 3 potions of mutation {unknown}
 w - a potion of might {unknown}
 z - a potion of ambrosia {unknown}
 A - 3 potions of degeneration {unknown}
 B - a potion of berserk rage {unknown}
 E - 2 potions of haste
 F - a potion of lignification {unknown}


   Skills:
 + Level 4.6 Fighting
 - Level 2.6 Axes
 + Level 3.7 Armour
 - Level 1.7 Dodging
 + Level 4.0 Stealth
 - Level 2.0 Spellcasting
 - Level 3.0 Conjurations


You had 9 spell levels left.
You knew the following spells:

 Your Spells              Type           Power      Damage    Failure   Level
a - Kiss of Death         Conj/Necr      24%        2d7       13%         1

Your spell library contained the following spells:

 Spells                   Type           Power      Damage    Failure   Level
 Momentum Strike          Conj/Tloc      12%        3d8       21%         2
 Necrotise                Necr           4%         1d4       24%         1
 Slow                     Hex            4%         N/A       24%         1
 Hailstorm                Conj/Ice       6%         3d4       36%         3
 Confusing Touch          Hex            1%         N/A       58%         3
 Vampiric Draining        Necr           1%         2d6       58%         3
 Agony                    Necr           1%         N/A       100%        5


Dungeon Overview and Level Annotations

Branches:
Dungeon (5/15)             Temple (1/1) D:5         Ossuary (visited)

Altars:
Ashenzari
Dithmenos
Fedhas
Hepliaklqana
Nemelex Xobeh
Okawaru
Qazlal
Ru
Sif Muna
Trog
Uskayaw
Yredelemnul


Innate Abilities, Weirdness & Mutations

You are partially covered in rugged brown scales. (AC +1, +3% HP)
Your demonic aura sometimes causes spilled blood to erupt in flames.
You regenerate magic rapidly.
You have a small tail.


Message History

The centaur seems to speed up.
Fire: G) +4 shortbow
Press: ? - help, Q - select action, (/) - cycle Shift-Dir - straight line, f/p - centaur
Aim: a centaur, wielding a +2 shortbow of freezing (lightly wounded, fast, 73% to hit)
You shoot an arrow. The arrow hits the centaur.
The centaur is lightly wounded.
The centaur is engulfed in blazing flames.
The centaur shoots an arrow.
The arrow hits you! The arrow freezes you.
Fire: G) +4 shortbow
Press: ? - help, Q - select action, (/) - cycle Shift-Dir - straight line, f/p - centaur
Aim: a centaur, wielding a +2 shortbow of freezing (heavily wounded, fast, 73% to hit)
You shoot an arrow. The arrow hits the centaur.
The centaur is heavily wounded.
The centaur shoots an arrow.
The arrow misses you.
The centaur shoots an arrow.
The arrow hits you! The arrow freezes you.
The centaur shoots an arrow.
The arrow closely misses you.
Fire: G) +4 shortbow
Press: ? - help, Q - select action, (/) - cycle Shift-Dir - straight line, f/p - centaur
Aim: a centaur, wielding a +2 shortbow of freezing (heavily wounded, fast, 73% to hit)
You shoot an arrow.
The arrow hits the centaur but does no damage.
The centaur is heavily wounded.
The centaur shoots an arrow.
The arrow barely misses you.
The centaur shoots an arrow.
The arrow hits you!
* * * LOW HITPOINT WARNING * * *
The arrow freezes you.
* * * LOW HITPOINT WARNING * * *
Unknown command.
Fire: G) +4 shortbow
Press: ? - help, Q - select action, (/) - cycle Shift-Dir - straight line, f/p - centaur
Aim: a centaur, wielding a +2 shortbow of freezing (heavily wounded, fast, 73% to hit)
You shoot an arrow. The arrow hits the centaur.
The centaur is severely wounded.
The centaur shoots an arrow.
The arrow hits you.
* * * LOW HITPOINT WARNING * * *
The arrow freezes you.
* * * LOW HITPOINT WARNING * * *
The centaur unwields a +2 shortbow of freezing.
The centaur closely misses you. The centaur kicks you.
You die...

#.# ##.:...#.# #.#
###...#.########## #.#
###....<........
.######....##...######
...........##.#.......
......................
####...######.......
#.#####†### ######..
.....°@.# ########..
.....c.#######........#
...............########
.>....#######..........
.^.... ......#########
...... ####### ######


You could see a centaur (fast).

Vanquished Creatures
  An ogre (D:4)
  A scorpion (D:4)
  2 hounds (D:5)
  An iguana (D:5)
  2 orc wizards
  11 mummies (Ossuary)
  4 adders (D:2)
  A white imp (D:4)
  2 ufetubi (D:5)
  2 worms
  3 dart slugs
  An orc (D:3)
  8 bats
  2 endoplasms
  A giant cockroach (D:4)
  5 goblins
  3 hobgoblins
  6 kobolds
  5 quokkas
  2 ball pythons
  2 frilled lizards
  2 gnoll skeletons (Ossuary)
  3 goblin skeletons (Ossuary)
  3 kobold skeletons (Ossuary)
  7 rats
  11 rat skeletons (Ossuary)
  2 rat zombies (D:4)
93 creatures vanquished.

Notes
Turn   | Place    | Note
-------+----------+-------------------------------------------
     0 | D:1      | Shayle the Demonspawn Reaver began the quest for the Orb.
     0 | D:1      | Reached XP level 1. HP: 16/16 MP: 3/3
   191 | D:1      | Gained mutation: You regenerate magic rapidly. [demonic
                  | ancestry]
   191 | D:1      | Reached XP level 2. HP: 22/22 MP: 5/5
   260 | D:1      | Reached skill level 1 in Stealth
   488 | D:2      | Reached skill level 1 in Armour
   698 | D:2      | Gained mutation: Your demonic aura sometimes causes spilled
                  | blood to erupt in flames. [demonic ancestry]
   698 | D:2      | Reached XP level 3. HP: 28/28 MP: 6/6
  1077 | D:2      | Gained mutation: You are partially covered in rugged brown
                  | scales. (AC +1, +3% HP) [demonic ancestry]
  1077 | D:2      | Reached XP level 4. HP: 11/35 MP: 7/7
  1802 | D:3      | Reached XP level 5. HP: 38/42 MP: 8/8
  1828 | D:3      | Found a stormy altar of Qazlal.
  2437 | D:4      | Found a sparkling altar of Nemelex Xobeh.
  2486 | D:4      | Found a sand-covered staircase.
  2493 | Ossuary  | Entered an ossuary
  3607 | Ossuary  | Reached XP level 6. HP: 23/49 MP: 9/9
  3992 | D:4      | Found an iron altar of Okawaru.
  4224 | D:4      | Identified the +9 mace "Kukasait" {holy, rN++ Str+4 Stlth-}
  5096 | D:5      | Entered Level 5 of the Dungeon
  5098 | D:5      | Found a staircase to the Ecumenical Temple.
  5149 | Temple   | Entered the Ecumenical Temple
  5156 | Temple   | Became a worshipper of Ashenzari the Shackled
  5484 | D:5      | Gained mutation: You have a small tail. [demonic ancestry]
  5484 | D:5      | Reached XP level 7. HP: 51/56 MP: 10/10
  5505 | D:5      | HP: 2/56 [centaur/arrow (5)]
  5505 | D:5      | Slain by a centaur

Illustrated notes

Levels and vault maps discovered:
D:1:      lemuel_arrival_rhombus, layout_basic
D:2:      kennysheep_six_static_rooms, layout_loops_ring
D:3:      layout_basic, nicolae_qazlal_general_emergency, minivault_11,
          minmay_fractal_squares_gapless_5
D:4:      layout_loops_corners, nemelex_xobeh_ov_fountains_minmay,
          marbit_many_paths, nicolae_overflow_crystal_walls, enter_ossuary_4,
          minmay_fire_ice_demons
D:5:      layout_rooms, minmay_temple_entry_offerings,
          ebering_dispersal_statue_hall, minmay_misc_feat_plants
Temple:   nicolae_temple_ecumenical_triangle

Skill      XL: |  1  2  3  4  5  6 |
---------------+-------------------+-----
Stealth        | 1 2 3 4 |  4.0
Armour         | 1 2 3 |  3.7
Fighting       | 3 4 |  4.6
Axes           | |  2.6
Dodging        | |  1.7
Spellcasting   | |  2.0
Conjurations   | |  3.0

Action                   |  1- 3 |  4- 6 |  7- 9 || total
-------------------------+-------+-------+-------++-------
Melee: Hand axe          |   118 |   268 |       ||   386
       Punch             |     2 |     6 |       ||     8
       Dagger            |       |   200 |       ||   200
 Fire: Shortbow          |       |    18 |     5 ||    23
  Use: Potion            |       |     9 |       ||     9
       Scroll            |       |     5 |       ||     5
 Stab: Sleeping          |     4 |     9 |       ||    13
       Invisible         |       |     1 |       ||     1
Armor: Leather armour    |    36 |   128 |       ||   164
Dodge: Dodged            |    66 |   200 |     4 ||   270

Table legend: (Time is in decaauts)
 A = Elapsed time spent in this place.
 B = Non-inter-level travel time spent in this place.
 C = Inter-level travel time spent in this place.
 D = Time resting spent in this place.
 E = Time spent auto-exploring this place.
 F = Levels seen in this place.
 G = Mean time per level.
                   A        B        C        D        E       F      G
               +--------+--------+--------+--------+--------+-----+--------+
         Total |   5582 |   5463 |    119 |   1302 |   2377 |   7 |  797.4 |
       Dungeon |   4176 |   4057 |    119 |    432 |   2351 |   5 |  835.2 |
        Temple |     14 |     14 |      0 |      0 |      0 |   1 |   14.0 |
       Ossuary |   1390 |   1390 |      0 |    870 |     26 |   1 | 1390.0 |
               +--------+--------+--------+--------+--------+-----+--------+

Top non-repeatable levels by time:
     D:4: 1508 daAuts
 Ossuary: 1390 daAuts
     D:2: 1100 daAuts
     D:3: 673 daAuts
     D:1: 492 daAuts
     D:5: 402 daAuts
  Temple: 14 daAuts
